 Dungeon Crawl Stone Soup version 0.26.1-11-gd32895ea62 (webtiles) character file.

Game seed: 17565798095138776859

16 H0rd4k the Insei (level 2, 0/18 HPs)
             Began as an Octopode Transmuter on July 14, 2021.
             Succumbed to an adder's poison
             ... on level 2 of the Dungeon.
             The game lasted 00:00:31 (1120 turns).

H0rd4k the Insei (Octopode Transmuter)              Turns: 1120, Time: 00:00:31

Health: 0/18       AC:  1    Str:  9    XL:     2   Next: 58%
Magic:  5/5        EV: 13    Int: 15    God:
Gold:   37         SH:  0    Dex: 12    Spells: 4/5 levels left

rFire    . . .     SeeInvis .     - Unarmed
rCold    . . .     Faith    .   (no shield)
rNeg     . . .     Spirit   .   (helmet restricted)
rPois    .         Reflect  .   (no amulet)
rElec    .         Harm     .   (no ring)
rCorr    .         Rampage  .   (no ring)
Will     .....                  (no ring)
Stlth    ++........             (no ring)
HPRegen  0.06/turn              (no ring)
MPRegen  0.09/turn              (no ring)
                                (no ring)
                                (no ring)

@: lethally poisoned (0 -> -4)
A: almost no armour, stealthy swim, amphibious, 8 rings, constrict 8, camouflage
1, gelatinous body 1
a: no special abilities


You were on level 2 of the Dungeon.
You visited 1 branch of the dungeon, and saw 2 of its levels.

You collected 37 gold pieces.

Inventory:

Scrolls
 a - a scroll of teleportation {unknown}
 b - a scroll of remove curse {unknown}
 c - a scroll of enchant weapon {unknown}
 d - a scroll of identify {unknown}
 g - a scroll of blinking {unknown}
Potions
 e - a potion of berserk rage {unknown}
 f - a potion of flight {unknown}


   Skills:
 + Level 1.0 Fighting
 + Level 2.1 Dodging
 + Level 0.4 Stealth
 + Level 3.3 Unarmed Combat
 + Level 2.0 Spellcasting
 + Level 2.4 Transmutations


You had 4 spell levels left.
You knew the following spells:

 Your Spells              Type           Power        Failure   Level
a - Beastly Appendage     Tmut           16%          9%          1

Your spell library contained the following spells:

 Spells                   Type           Power        Failure   Level
 Wereblood                Tmut           8%           12%         2
 Spider Form              Tmut/Pois      2%           36%         3
 Ice Form                 Ice/Tmut       5%           78%         4
 Blade Hands              Tmut           4%           92%         5


Dungeon Overview and Level Annotations

Branches:
Dungeon (2/15)

Altars:


Innate Abilities, Weirdness & Mutations

You cannot wear most types of armour.
You are very stealthy in the water. (Stealth+)
You are amphibious.
You can wear up to eight rings at the same time.
You can use your tentacles to constrict eight enemies at once.
Your skin changes colour to match your surroundings (Stealth+).
Your rubbery body absorbs attacks. (AC +1, EV +1)


Message History

The adder poisons you!
You barely miss the adder. You grab the adder. You constrict the adder.
You feel sick. The adder bites you. x2
You tentacle-slap the adder.
You squeeze the adder, but do no damage.
The adder is lightly wounded.
You constrict the adder. The adder bites you.
* * * LOW HITPOINT WARNING * * *
You tentacle-slap the adder.
The adder is severely wounded.
You constrict the adder. The adder closely misses you.
You tentacle-slap the adder but do no damage.
The adder is severely wounded.
You constrict the adder. The adder misses you.
You tentacle-slap the adder but do no damage.
Your squeeze misses the adder.
The adder is almost dead.
You constrict the adder.
You kill the adder!
You die...

.. #####.......... ...##
#.........#
.K...########.......##
...#........##......##
....##...............
######..#.....#####.#.##
..............### #.#.##
................###.#.##
).....†@............(...
..............####.#....
..............## #.#...)
#######.#......# #.#....
#......#.###..(...
###.####.....###...#
#.....####>........#
#.....##..†.#.###..#
#......[.##......#..


There were no monsters in sight!

Vanquished Creatures
  An adder (D:2)
  A dart slug (D:2)
  A giant cockroach (D:2)
  2 goblins (D:2)
  4 hobgoblins
  2 kobolds (D:1)
  4 rats
15 creatures vanquished.

Notes
Turn   | Place    | Note
-------+----------+-------------------------------------------
     0 | D:1      | H0rd4k the Octopode Transmuter began the quest for the Orb.
     0 | D:1      | Reached XP level 1. HP: 13/13 MP: 3/3
   987 | D:2      | Reached XP level 2. HP: 15/18 MP: 5/5
  1120 | D:2      | Succumbed to an adder's poison

Illustrated notes

Levels and vault maps discovered:
D:1:      heliophobic_arrival_ceremonial_halls, layout_loops_corners
D:2:      layout_rooms

Action                   || total
-------------------------++-------
Melee: Unarmed           ||    38
       Constrict         ||    12
       Tentacles         ||     7
       Punch             ||     1
 Stab: Sleeping          ||     3
Armor: Skin              ||     1
Dodge: Dodged            ||    20
